 Dungeon Crawl Stone Soup version 0.19-a0-1882-gbb73ea0 (webtiles) character file.

137 jerryfan the Magician (level 5, -8/40 HPs)
             Began as a Draconian Wizard on Oct 14, 2016.
             Killed by nerve-wracking pain
             ... invoked by Grinder
              (10 damage)
             ... on level 3 of the Dungeon.
             The game lasted 00:17:02 (2771 turns).

jerryfan the Magician (Draconian Wizard)            Turns: 2771, Time: 00:17:04

Health: -8/40      AC:  5    Str: 10    XL:     5   Next: 0%
Magic:  3/11       EV: 12    Int: 19    God:
Gold:   101        SH:  0    Dex:  9    Spells: 3 memorised, 6 levels left

rFire  . . .     SeeInvis .     f - +3 dagger (speed)
rCold  . . .     Gourm    .     (armour unavailable)
rNeg   . . .     Faith    .     (no shield)
rPois  .         Spirit   .     a - +0 hat
rElec  .         Dismiss  .     (no cloak)
rCorr  .         Reflect  .     (no gloves)
MR     .....     Harm     .     (no boots)
Stlth  ++........               (no amulet)
                                (no ring)
                                (no ring)

@: about to teleport, very slightly contaminated
A: unfitting armour, cold-blooded, AC +5
a: no special abilities


You were on level 3 of the Dungeon.
You were not hungry.

You visited 1 branch of the dungeon, and saw 3 of its levels.

You collected 101 gold pieces.

Inventory:

Hand Weapons
 f - a +3 dagger of speed (weapon)
 i - a +2 vampiric dagger
 l - a +0 dagger of holy wrath
Missiles
 e - 150 stones (quivered)
Armour
 a - a +0 hat (worn)
Jewellery
 g - an uncursed ring of resist corrosion {unknown}
 n - a cursed ring of loudness {unknown}
Scrolls
 h - a scroll of recharging {unknown}
 m - a scroll of enchant armour {unknown}
Books
 b - a book of Minor Magic

   Spells                             Type                      Level
   a - Magic Dart                     Conjuration                  1
   b - Blink                          Translocation                2
   c - Call Imp                       Summoning                    2
   d - Repel Missiles                 Charms/Air                   2
   e - Slow                           Hexes                        2
   f - Conjure Flame                  Conjuration/Fire             3
   g - Mephitic Cloud                 Conjuration/Poison/Air       3
Comestibles
 c - 2 bread rations
 d - 4 chunks of flesh
 j - 2 meat rations
 k - 3 fruits
 p - a beef jerky


   Skills:
 + Level 1.0 Fighting
 + Level 1.2 Short Blades
 + Level 2.1 Dodging
 + Level 2.2 Stealth
 + Level 0.2 Unarmed Combat
 + Level 4.0 Spellcasting
 + Level 2.2 Conjurations
 + Level 1.4 Summonings
   Level 1.0 Translocations


You had 6 spell levels left.
You knew the following spells:

 Your Spells              Type           Power        Failure   Level  Hunger
a - Magic Dart            Conj           ##..         8%          1    None
b - Call Imp              Summ           #.......     14%         2    ##.....
c - Mephitic Cloud        Conj/Pois/Air  #.......     34%         3    ###....


Dungeon Overview and Level Annotations

Branches:
Dungeon (3/15)

Altars:

Annotations:
D:3 Grinder, Natasha


Innate Abilities, Weirdness & Mutations

Your plain brown scales are hard. (AC +5)
You cannot fit into any form of body armour.
You are cold-blooded and may be slowed by cold attacks.


Message History

The shadow imp hits your crimson imp.
Your crimson imp barely misses Natasha.
The orc hits you but does no damage.
Grinder blinks!
The orc barely misses you.
Natasha closely misses your crimson imp.
The orc hits you but does no damage.
Your crimson imp blinks!
Your crimson imp barely misses Natasha.
The shadow imp closely misses your crimson imp.
You can move again.
Casting: Call Imp
Confirm with . or Enter, or press ? or * to list all spells.
Okay, then.
As you read the scroll of teleportation, it crumbles to dust.
You feel strangely unstable. The orc barely misses you.
Natasha closely misses your crimson imp.
The shadow imp barely misses your crimson imp.
Your crimson imp barely misses Natasha.
The orc hits you but does no damage. Grinder gestures at you.
Pain shoots through your body!
You die...

...................
<.. #....÷...........
.. ##...<...........
#§###...÷....##..##.
##...........####.###
..<##5........##.# #
##.##5......#.##.#
...###......#####.##..
.....5o@..5.# . .
...#h5o........# ..
......#.....###..
.....>#....§..# .#.##
#######.# .. .# # .


You could see Grinder, Natasha, a shadow imp, 2 orcs and 3 friendly crimson
imps.

Vanquished Creatures
  5 adders (D:2)
  An ooze (D:1)
  A worm (D:3)
  A dart slug (D:2)
  2 leopard geckos
  An orc (D:3)
  6 bats
  3 giant cockroaches
  4 goblins
  6 hobgoblins
  9 jackals
  A ball python (D:2)
  5 frilled lizards
  7 kobolds
  6 rats (D:2)
58 creatures vanquished.

Vanquished Creatures (collateral kills)
  3 adders (D:2)
  A worm (D:2)
  A leopard gecko (D:2)
  An orc (D:3)
  2 hobgoblins (D:2)
  A jackal (D:2)
  A quokka (D:2)
10 creatures vanquished.

Grand Total: 68 creatures vanquished

Notes
Turn   | Place    | Note
-------+----------+-------------------------------------------
     0 | D:1      | jerryfan the Draconian Wizard began the quest for the Orb.
     0 | D:1      | Reached XP level 1. HP: 14/14 MP: 4/4
   237 | D:1      | Reached XP level 2. HP: 20/20 MP: 4/6
   241 | D:1      | Learned a level 2 spell: Call Imp
  1238 | D:2      | Reached XP level 3. HP: 26/26 MP: 8/8
  1727 | D:2      | Reached XP level 4. HP: 4/34 MP: 1/9
  2126 | D:2      | Reached skill level 1 in Fighting
  2126 | D:2      | Reached skill level 1 in Short Blades
  2550 | D:2      | Learned a level 3 spell: Mephitic Cloud
  2744 | D:3      | Reached skill level 4 in Spellcasting
  2757 | D:3      | Noticed Grinder
  2757 | D:3      | Paralysed by Grinder for 4 turns
  2761 | D:3      | Noticed Natasha
  2764 | D:3      | Paralysed by Grinder for 7 turns
  2766 | D:3      | Reached XP level 5. HP: 16/40 MP: 2/11
  2768 | D:3      | HP: 2/40 [orc/dagger (1)]
  2771 | D:3      | Killed from afar by Grinder

Vault maps used:
D:1:      dpeg_arrival_leaves_temple_mockup
D:3:      uniq_natasha, uniq_grinder

Skill      XL: |  1  2  3  4 |
---------------+-------------+-----
Dodging        | 2 |  2.1
Conjurations   | 2 |  2.2
Stealth        | 2 |  2.2
Fighting       | 1 |  1.0
Short Blades   | 1 |  1.2
Spellcasting   | 4 |  4.0
Unarmed Combat | |  0.2
Summonings     | |  1.4
Translocations | |  1.0

Action                   |  1- 3 |  4- 6 || total
-------------------------+-------+-------++-------
Melee: Unarmed           |    27 |       ||    27
       Dagger            |    42 |    53 ||    95
       Tailslap          |     2 |     4 ||     6
 Cast: Magic Dart        |    55 |    28 ||    83
       Call Imp          |     7 |     3 ||    10
  Use: Potion            |     1 |     2 ||     3
       Scroll            |     3 |     3 ||     6
 Stab: Sleeping          |     1 |     3 ||     4
       Distracted        |       |     1 ||     1
  Eat: Chunk             |     3 |     3 ||     6
Armor: Skin              |    30 |    33 ||    63
Dodge: Dodged            |    67 |    70 ||   137
